 Dungeon Crawl Stone Soup version 0.24-a0-290-gbb66a67 (webtiles) character file.

Game seed: 17964048290756249514

9872 Twizzled the Archer (level 11, -6/95 HPs)
             Began as a Centaur Hunter on May 8, 2019.
             Was a High Priest of Okawaru.
             Hit by a large rock thrown by a cyclops (41 damage)
             ... on level 11 of the Dungeon.
             The game lasted 00:30:35 (13362 turns).

Twizzled the Archer (Centaur Hunter)               Turns: 13362, Time: 00:30:37

Health: -6/95      AC: 11    Str: 21    XL:     11   Next: 28%
Magic:  13/13      EV:  8    Int: 13    God:    Okawaru [*****.]
Gold:   442        SH:  0    Dex: 12    Spells: 10/10 levels left

rFire    . . .     SeeInvis +   a - +1 shortbow
rCold    . . .     Gourm    .   (shield currently unavailable)
rNeg     . . .     Faith    .   e - +2 scale mail of Slovenliness {MR+ Int+3 Stlth+}
rPois    .         Spirit   .   g - +0 helmet
rElec    +         Reflect  .   C - scarf {repulsion}
rCorr    .         Harm     .   (no gloves)
MR       +....     Rnd*Rage +   (no barding)
Stlth    +.........             Q - amulet of magic regeneration
HPRegen  0.25/turn              s - +3 ring of strength
MPRegen  0.38/turn              K - ring of see invisible

@: repel missiles, very quick
A: large, hooves 3, agile 1, berserk 1, deformed body, speed 2, low mp 1,
electricity resistance, tough skin 3, evolution 1
a: Heroism, Finesse, Renounce Religion


You were on level 11 of the Dungeon.
You worshipped Okawaru.
Okawaru was extremely pleased with you.
You were not hungry.

You visited 1 branch of the dungeon, and saw 11 of its levels.
You also visited: Ice Cave.

You collected 777 gold pieces.
You spent 335 gold pieces at shops.

Inventory:

Hand Weapons
 a - a +1 shortbow (weapon)
 b - the +10 hand axe of Internal Strife {venom, rPois}
   (You found it on level 5 of the Dungeon)

   It poisons the flesh of those it strikes.
   It protects you from poison.
 k - the +6 morningstar of Inflation {freeze, Dex+3}
   (You found it on level 6 of the Dungeon)

   It has been specially enchanted to freeze those struck by it, causing extra
   injury to most foes and up to half again as much damage against particularly
   susceptible opponents.
   It can also slow down cold-blooded creatures.
   It affects your dexterity (+3).
 F - a +2 battleaxe of venom
Missiles
 d - 139 arrows (quivered)
 j - 6 javelins
 P - a throwing net
Armour
 e - the +2 scale mail of Slovenliness (worn) {MR+ Int+3 Stlth+}
   (You bought it in a shop on level 11 of the Dungeon)

   It affects your intelligence (+3).
   It affects your resistance to hostile enchantments.
   It makes you more stealthy.
 g - a +0 helmet (worn)
 C - a scarf of repulsion (worn)
Jewellery
 s - a +3 ring of strength (left hand)
 K - a ring of see invisible (right hand)
 Q - an amulet of magic regeneration (around neck)
Wands
 t - a wand of random effects (30)
 v - a wand of polymorph (4)
 E - a wand of digging (7)
 H - a wand of disintegration (15)
 L - a wand of iceblast (6)
Scrolls
 h - 6 scrolls of teleportation
 m - a scroll of enchant armour {unknown}
 n - 3 scrolls of immolation
 o - 3 scrolls of blinking
 p - 2 scrolls of amnesia
 q - 2 scrolls of noise {unknown}
 r - a scroll of vulnerability {unknown}
 u - 2 scrolls of magic mapping
 w - 5 scrolls of remove curse
 y - a scroll of identify
 D - a scroll of fog {unknown}
 J - a scroll of random uselessness {unknown}
Potions
 c - a potion of magic {unknown}
 i - 4 potions of haste
 l - 2 potions of ambrosia
 x - 3 potions of might
 z - a potion of mutation
 B - 3 potions of agility
 G - a potion of berserk rage {unknown}
 M - a potion of brilliance {unknown}
 N - a potion of cancellation {unknown}
 O - 4 potions of curing
Comestibles
 f - 27 rations
 A - a chunk of flesh


   Skills:
 * Level 8.3 Fighting
 + Level 5.8(5.9) Axes
   Level 0.2(3.6) Polearms
 * Level 13.6 Bows
 * Level 6.9 Armour
 - Level 1.3 Dodging
 - Level 0.4 Stealth
 * Level 5.3 Invocations


You had 10 spell levels left.
You didn't know any spells.
Your spell library contained the following spells:

 Spells                   Type           Power        Failure   Level  Hunger
 Magic Dart               Conj           #...         58%         1    ##.....
 Sandblast                Erth           #.....       58%         1    ##.....
 Passwall                 Tmut/Erth      #.......     75%         2    ###....
 Searing Ray              Conj           #.....       75%         2    ###....
 Dazzling Spray           Conj/Hex       #.....       92%         3    ####...
 Stone Arrow              Conj/Erth      #.....       92%         3    ####...
 Force Lance              Conj/Tloc      #.......     100%        4    #####..
 Fulminant Prism          Conj/Hex       #.........   100%        4    #####..
 Iskenderun's Mystic Bla  Conj           #.......     100%        4    #####..
 Petrify                  Tmut/Erth      #.......     100%        4    #####..
 Bolt of Magma            Conj/Fire/Erth #.........   100%        5    ######.
 Iskenderun's Battlesphe  Conj/Chrm      #.......     100%        5    ######.
 Lee's Rapid Deconstruct  Erth           #.........   100%        5    ######.
 Venom Bolt               Conj/Pois      #.........   100%        5    ######.
 Iron Shot                Conj/Erth      #.........   100%        6    #######
 Orb of Destruction       Conj           #.........   100%        7    #######
 Spellforged Servitor     Conj/Summ      #.........   100%        7    #######


Dungeon Overview and Level Annotations

Branches:
Dungeon (11/15)            Temple (0/1) D:6            Lair (0/6) D:9
    Orc (0/2) D:11

Altars:
Dithmenos
Fedhas
Hepliaklqana
Makhleb
Okawaru
Sif Muna
Xom
Zin
The Shining One

Shops:
D:3 *   D:10 !   D:11 [

Annotations:
D:2 exclusion: downstairs
D:3 exclusion: downstairs
D:6 1 transporter
D:8 3 runed translucent doors, Noname's ghost, novice VSIE


Innate Abilities, Weirdness & Mutations

You have hooves in place of feet.
Armour fits poorly on your strangely shaped body.
You cover ground very quickly.
You have extremely tough skin. (AC +3)
You are agile. (Dex +2)
You tend to lose your temper in combat.
Your magical capacity is low. (-10% MP)
You are resistant to electric shocks. (rElec)
You evolve.


Message History

You are too injured to fight recklessly!
You are too injured to fight recklessly!
You are too injured to fight recklessly!
You are too injured to fight recklessly!
You are too injured to fight recklessly!
You are too injured to fight recklessly!
Unknown command.
You are too injured to fight recklessly!
You are too injured to fight recklessly!
Firing (i - inventory. (/) - cycle)
d - 141 arrows (quivered)
Press: ? - help, Shift-Dir - straight line, f/p - cyclops
Aim: a cyclops (moderately wounded)
You shoot an arrow. The arrow barely misses the cyclops.
Firing (i - inventory. (/) - cycle)
d - 140 arrows (quivered)
Press: ? - help, Shift-Dir - straight line, f/p - cyclops
Aim: a cyclops (moderately wounded)
You shoot an arrow. The arrow hits the cyclops.
The cyclops is heavily wounded.
The cyclops throws a large rock.
The large rock hits you!!!
You die...

#.......#,* *,,,>*
###########.#####.#,*
*,,,,****
..#.......#'### #.#,*
*,,,,,,,,
#######.......# #.#,*
********* ...#
#.......# #.#,* .#.#
#.......# #.#,*
#######..(....###.#,*
#.....(C.....#.#,*
#########..####.@.#,*
..........##,,##..#,**
#########.#,,,,#.##,,**
..........#,,,,#..,,,,*
*######.#.##,,*####,,,*
#.#..#*+***?##,,*
#..###**,+,!$*,,*#
#.##,,,+###/#*,C.#
#.#,,,,,#.#(#.)#,*


You could see a cyclops.

Vanquished Creatures
  A hydra (D:10)
  The ghost of Stiffzip the Chopper, a novice DDNe (D:6)
  A manticore (D:11)
  2 hippogriffs
  Sigmund (D:6)
  A spriggan (D:11)
  A wyvern (D:8)
  2 hungry ghosts
  5 yaks
  A porcupine (D:9)
  6 ice beasts
  3 black bears
  2 sky beasts
  3 orc warriors
  9 ogres
  3 necrophages
  4 centaurs
  2 big kobolds (D:9)
  7 bullfrogs
  A wyvern zombie (D:7)
  5 scorpions
  10 killer bees
  10 wights
  2 howler monkeys
  6 crimson imps
  3 bullfrog zombies
  3 centaur zombies
  8 orc priests
  A quasit (D:9)
  5 hounds
  2 jellies
  8 orc wizards
  A bullfrog skeleton (D:5)
  3 iguanas
  7 worker ants
  A hound zombie (D:6)
  A hound skeleton (D:6)
  A howler monkey zombie (D:9)
  A worker ant zombie (D:9)
  3 gnolls (D:4)
  A howler monkey skeleton (D:4)
  10 adders
  6 shadow imps
  12 white imps (D:11)
  An adder skeleton (D:4)
  2 worms (D:2)
  3 dart slugs
  5 leopard geckos
  36 orcs
  6 giant cockroaches
  8 hobgoblins
  11 jackals
  7 kobolds
  5 quokkas
  A ball python (D:1)
  6 bats
  4 frilled lizards
  5 goblins
  A quokka skeleton (D:7)
  11 rats
278 creatures vanquished.

Vanquished Creatures (others)
  An orc wizard (D:7)
  An orc (D:6)
  A fungus (D:9)
3 creatures vanquished.

Grand Total: 281 creatures vanquished

Notes
Turn   | Place    | Note
-------+----------+-------------------------------------------
     0 | D:1      | Twizzled the Centaur Hunter began the quest for the Orb.
     0 | D:1      | Reached XP level 1. HP: 17/17 MP: 1/1
   400 | D:1      | Reached XP level 2. HP: 24/24 MP: 2/2
   638 | D:1      | Reached skill level 6 in Bows
  1111 | D:2      | Found a glowing golden altar of the Shining One.
  1309 | D:2      | Reached XP level 3. HP: 21/29 MP: 3/3
  1857 | D:3      | Reached skill level 1 in Armour
  2153 | D:3      | Reached XP level 4. HP: 36/36 MP: 4/4
  2659 | D:3      | Reached XP level 5. HP: 35/42 MP: 5/5
  2703 | D:3      | Reached skill level 7 in Bows
  2720 | D:3      | Found an iron altar of Okawaru.
  2731 | D:3      | Became a worshipper of Warmaster Okawaru
  3271 | D:3      | Found Zin's Purification Station.
  3274 | D:3      | Found a glowing silver altar of Zin.
  3789 | D:4      | Reached XP level 6. HP: 50/50 MP: 6/6
  3871 | D:4      | Found a hazy altar of Hepliaklqana.
  4251 | D:5      | Entered Level 5 of the Dungeon
  4360 | D:5      | Reached * piety under Okawaru
  4360 | D:5      | Reached skill level 8 in Bows
  4567 | D:5      | Reached XP level 7. HP: 57/57 MP: 7/7
  4581 | D:5      | Got a warped hand axe
  4582 | D:5      | Identified the +10 hand axe of Internal Strife {venom,
                  | rPois} (You found it on level 5 of the Dungeon)
  4666 | D:5      | Reached skill level 9 in Bows
  5171 | D:5      | Found a blossoming altar of Fedhas.
  5428 | D:6      | Reached skill level 1 in Axes
  5591 | D:6      | Found a transporter.
  5593 | D:6      | Found a transporter.
  5594 | D:6      | Noticed Stiffzip's ghost (novice DDNe)
  5637 | D:6      | Reached XP level 8. HP: 33/66 MP: 8/8
  5667 | D:6      | Reached ** piety under Okawaru
  6142 | D:6      | Reached skill level 1 in Invocations
  6322 | D:6      | Noticed Sigmund
  6328 | D:6      | Killed Sigmund
  6328 | D:6      | Reached skill level 5 in Fighting
  6328 | D:6      | Reached skill level 10 in Bows
  6579 | D:6      | Found a staircase to the Ecumenical Temple.
  6796 | D:6      | Reached XP level 9. HP: 58/74 MP: 10/10
  6798 | D:6      | Reached *** piety under Okawaru
  6810 | D:6      | Reached skill level 5 in Armour
  6874 | D:6      | Killed Stiffzip's ghost
  7199 | D:6      | Got a jewelled morningstar
  7201 | D:6      | Identified the +6 morningstar of Inflation {freeze, Dex+3}
                  | (You found it on level 6 of the Dungeon)
  7392 | D:7      | Found a shadowy altar of Dithmenos.
  7692 | D:7      | Received a gift from Okawaru
  7692 | D:7      | Reached skill level 5 in Axes
  8331 | D:7      | Found a deep blue altar of Sif Muna.
  8509 | D:7      | Reached **** piety under Okawaru
  8550 | D:8      | Received a gift from Okawaru
  8550 | D:8      | Reached XP level 10. HP: 67/83 MP: 12/12
  8882 | D:8      | Found a runed translucent gate.
  8882 | D:8      | Found a runed translucent gate.
  8882 | D:8      | Found a runed translucent gate.
  8892 | D:8      | Noticed Noname's ghost (novice VSIE)
  8928 | D:8      | Found a shimmering altar of Xom.
  8944 | D:8      | Gained mutation: You evolve. [potion of mutation]
  8944 | D:8      | Gained mutation: You tend to lose your temper in combat.
                  | [potion of mutation]
  8944 | D:8      | Gained mutation: You are agile. (Dex +2) [potion of
                  | mutation]
  8944 | D:8      | Gained mutation: You are resistant to electric shocks.
                  | (rElec) [potion of mutation]
  9029 | D:8      | Reached skill level 11 in Bows
 10210 | D:9      | Found a staircase to the Lair.
 10258 | D:9      | Received a gift from Okawaru
 10419 | D:9      | Gained mutation: Your magical capacity is low. (-10% MP)
                  | [evolution]
 10575 | D:9      | Found a burning altar of Makhleb.
 10577 | D:9      | Noticed an Executioner
 10601 | D:9      | Reached skill level 12 in Bows
 11001 | D:9      | Found a shimmering altar of Xom.
 11017 | D:9      | Noticed an orange demon
 11129 | D:10     | Entered Level 10 of the Dungeon
 11241 | D:10     | Found Ciad Bul's Distillery.
 11247 | D:10     | Bought a potion of heal wounds for 65 gold pieces
 11297 | D:10     | Reached skill level 5 in Invocations
 11303 | D:10     | Reached ***** piety under Okawaru
 11610 | D:10     | Noticed an eight-headed hydra
 11641 | D:10     | Killed an eight-headed hydra
 11641 | D:10     | Reached skill level 13 in Bows
 11641 | D:10     | Reached XP level 11. HP: 93/93 MP: 13/13
 12217 | D:11     | Found Tovosiuch's Antique Armour Shoppe.
 12233 | D:11     | Bought a steaming scale mail for 270 gold pieces
 12243 | D:11     | Identified the +2 scale mail of Slovenliness {MR+ Int+3
                  | Stlth+} (You bought it in a shop on level 11 of the
                  | Dungeon)
 12334 | D:11     | Received a gift from Okawaru
 12424 | D:11     | Found a frozen archway.
 12595 | IceCv    | Entered an ice cave
 12595 | IceCv    | Noticed a white ugly thing
 12870 | D:11     | HP: 4/93 [manticore (19)]
 13362 | D:11     | Hit by a large rock thrown by a cyclops

Levels and vault maps discovered:
D:1:      giann_wishing_wells, layout_basic, chequers_serial_rivers_micro_a,
          palyth_stone_intersect, minmay_rat_gold_closets
D:2:      layout_loops_ring, tso_oasis_becter
D:3:      layout_basic, zin_purify, okawaru_trees_1
D:4:      layout_basic, old_standard_altar, minmay_misc_feat_room
D:5:      layout_loops_ring, fedhas_ov_isle_minmay, first_ration
D:6:      layout_rooms, temple_doors_e, gammafunk_ghost_hive,
          minmay_fractal_squares_diagonal_5, uniq_sigmund
D:7:      layout_rooms, grunt_dithmenos_smoke, minmay_stone_trees_small,
          lemuel_blue_sif_altar
D:8:      layout_rooms, marbit_many_paths, ebering_ghost_rock_garden
D:9:      wad_river_or_something, layout_rooms, makhleb_altar_promises_db,
          grunt_lair_entry_orc_guard_hut, basic_altar
D:10:     layout_roguey, serial_shops,
          nicolae_shop_temple_entry_statues_fountains
D:11:     layout_basic, orc_0_dummy, serial_shops, shop,
          portal_ice_cave_entry_imps, the_bakery, minmay_joined_circles

Skill      XL: |  1  2  3  4  5  6  7  8  9 10 11 |
---------------+----------------------------------+-----
Bows           | 6 7 8 9 10 13 | 13.6
Armour         | 1 2 3 4 6 |  6.9
Fighting       | 3 4 5 6 7 8 |  8.3
Axes           | 1 3 5 |  5.8
Invocations    | 2 3 5 |  5.3
Polearms       | |  0.2
Dodging        | |  1.3
Stealth        | |  0.4

Action                   |  1- 3 |  4- 6 |  7- 9 | 10-12 || total
-------------------------+-------+-------+-------+-------++-------
Melee: Short sword       |    76 |    71 |       |       ||   147
       Kick              |    25 |    26 |    73 |    23 ||   147
       Spear             |       |    14 |     3 |       ||    17
       Hand axe          |       |       |   223 |    54 ||   277
 Fire: Shortbow          |    27 |    81 |    41 |   523 ||   672
Invok: Heroism           |       |       |     1 |     1 ||     2
Evoke: Wand              |       |       |       |     2 ||     2
  Use: Scroll            |       |       |     2 |    12 ||    14
       Potion            |       |       |     1 |     2 ||     3
  Eat: Chunk             |     3 |     6 |     7 |    14 ||    30
       Ration            |       |       |     1 |       ||     1
Armor: Leather armour    |    17 |       |       |       ||    17
       Ring mail         |     5 |       |       |       ||     5
       Chain mail        |       |    67 |   128 |    34 ||   229
       Plate armour      |       |       |       |    48 ||    48
       Scale mail        |       |       |       |    19 ||    19
Dodge: Dodged            |    38 |    25 |    63 |    57 ||   183
       Deflected         |       |       |       |     2 ||     2

Table legend:
 A = Non-vault XP
 B = Vault XP
 C = Vault XP percentage of total XP
 D = Non-vault monster count
 E = Vault monster count
 F = Vault count percentage of total count
                 A         B        C        D         E       F
            +---------+---------+-------+---------+---------+-------
      Total |   10523 |    3581 |  25.4 |     229 |      51 |  18.2
            +---------+---------+-------+---------+---------+-------
        D:1 |      22 |       8 |  26.7 |      15 |       8 |  34.8
        D:2 |      23 |       0 |   0.0 |       9 |       0 |   0.0
        D:3 |     181 |       0 |   0.0 |      31 |       0 |   0.0
        D:4 |     240 |       0 |   0.0 |      14 |       0 |   0.0
        D:5 |     607 |       0 |   0.0 |       9 |       0 |   0.0
        D:6 |    1096 |    1623 |  59.7 |      33 |      15 |  31.2
        D:7 |    1552 |       0 |   0.0 |      35 |       0 |   0.0
        D:8 |    1110 |       3 |   0.3 |      19 |       1 |   5.0
        D:9 |    2067 |    1213 |  37.0 |      33 |      11 |  25.0
       D:10 |    2259 |       0 |   0.0 |      15 |       0 |   0.0
       D:11 |    1366 |     734 |  35.0 |      16 |      16 |  50.0
            +---------+---------+-------+---------+---------+-------
